AoeStats
← Horizon

Black Forest

509312689Analyzed
4v4 RM · 5d ago on Sep 26, 2026· 37m 57s· 8 players
Game mode
Random Map
Map size
Large (8 player)
Population
200
Speed
Normal
Resources
Standard
Victory
Conquest
Starting age
Dark Age
Ending age
Imperial Age
RankedLock teamsTeams togetherTeam positionsShared explorationLock speedFull tech treeHidden civsTurbo modeCheats
Victory
Defeat
🇯🇵 Mongols · Japan
1793
+7
🇦🇷 Danes · Argentina
1430
+21
🇩🇪 Persians · Germany
1368
+23
🇻🇳 Britons · Vietnam
1338
+25
🇨🇳 Mongols · China
1596
-21
🇭🇰 Bohemians · Hong Kong SAR China
1564
-20
🇵🇰 Dravidians · Pakistan
1546
-19
🇨🇳 Magyars · China
1486
-16
dennis2_02
10:57 Feudal Age
15:07 Castle Age
13:18 Double-Bit Axe
13:30 Horse Collar
16:16 Bow Saw
18:59 Loom
23:05 Heavy Plow
23:57 Wheelbarrow
28:44 Imperial Age
26:58 Forging
26:49 Scale Mail Armor
27:29 Hand Cart
28:58 Chemistry
28:36 Chain Mail Armor
28:56 Iron Casting
28:17 Pikeman
28:58 Squires
30:42 Two-Man Saw
29:23 Halberdier
30:47 Plate Mail Armor
31:11 Conscription
31:09 Guilds
31:06 Houfnice
34:00 Blast Furnace
NorthOrigin
0:41 Loom
14:00 Feudal Age
18:28 Castle Age
16:22 Double-Bit Axe
16:42 Fletching
18:01 Horse Collar
19:14 Bodkin Arrow
20:25 Town Watch
22:39 Bow Saw
34:01 Wheelbarrow
czj136
0:27 Loom
9:24 Feudal Age
12:24 Town Watch
15:31 Castle Age
14:00 Double-Bit Axe
17:16 Horse Collar
27:44 Imperial Age
25:07 Gold Mining
26:14 Stone Mining
26:22 Fletching
27:43 Bodkin Arrow
28:17 Bow Saw
28:35 Bracer
32:54 Chemistry
32:37 Padded Archer Armor
33:48 Ballistics
34:15 Leather Archer Armor
33:28 Elite Mangudai
34:44 Husbandry
35:25 Masonry
35:38 Bloodlines
35:35 Thumb Ring
36:45 Parthian Tactics
Horizon
10:13 Loom
12:01 Feudal Age
15:37 Castle Age
13:42 Horse Collar
16:07 Double-Bit Axe
16:57 Bow Saw
23:54 Loom
24:49 Wheelbarrow
24:41 Bow Saw
26:24 Town Watch
26:40 Gold Mining
26:41 Stone Mining
28:38 Hand Cart
29:09 Hand Cart
32:24 Imperial Age
29:57 Scale Mail Armor
30:07 Forging
29:36 Man-at-Arms
30:01 Gambesons
30:16 Squires
30:02 Arson
30:43 Caravan
30:21 Long Swordsman
32:24 Chain Mail Armor
32:46 Iron Casting
32:29 Two-Handed Swordsman
32:35 Two-Handed Swordsman
33:38 Conscription
34:04 Wootz Steel
33:26 Champion
34:35 Chain Mail Armor
36:36 Chemistry
35:46 Masonry
35:57 Ballistics
36:17 Plate Mail Armor
NeeNee
9:55 Feudal Age
13:27 Castle Age
11:32 Double-Bit Axe
11:58 Horse Collar
15:07 Bow Saw
15:53 Loom
19:40 Wheelbarrow
19:48 Heavy Plow
21:32 Gold Mining
21:39 Stone Mining
22:51 Gold Mining
27:32 Imperial Age
24:54 Fletching
25:33 Masonry
26:05 Gold Shaft Mining
26:10 Stone Shaft Mining
26:28 Hand Cart
26:37 Ballistics
26:22 Bodkin Arrow
27:54 Padded Archer Armor
27:38 Capped Ram
29:32 Chemistry
29:43 Drill
28:45 Siege Ram
30:12 Bracer
30:38 Leather Archer Armor
31:10 Leather Archer Armor
31:07 Masonry
31:01 Caravan
32:01 Elite Mangudai
33:36 Parthian Tactics
34:13 Conscription
34:29 Hoardings
34:49 Bloodlines
34:10 Onager
35:11 Thumb Ring
35:07 Husbandry
36:50 Nomads
37:53 Siege Engineers
37:36 Sappers
bina
10:53 Feudal Age
14:57 Castle Age
13:09 Double-Bit Axe
13:24 Horse Collar
13:57 Gold Mining
14:16 Stone Mining
15:59 Bow Saw
21:24 Fervor
29:07 Imperial Age
26:35 Fletching
26:52 Loom
27:43 Wheelbarrow
27:21 Padded Archer Armor
27:55 Caravan
28:17 Bodkin Arrow
28:12 Treadmill Crane
28:44 Masonry
28:49 Crossbowman
30:49 Ballistics
30:55 Ballistics
30:11 Arbalester
30:41 Elite Longbowman
31:51 Yeomen
32:56 Bracer
33:58 Two-Man Saw
33:33 Leather Archer Armor
33:54 Yeomen
35:33 Chemistry
35:35 Guilds
38:14 Ring Archer Armor
中國香港玩家
2:56 Loom
12:10 Feudal Age
17:42 Castle Age
16:03 Double-Bit Axe
16:11 Horse Collar
16:49 Gold Mining
17:16 Stone Mining
18:55 Fletching
24:15 Scale Mail Armor
25:36 Chain Mail Armor
26:47 Forging
27:33 Squires
27:19 Arson
30:02 Wheelbarrow
30:50 Iron Casting
31:29 Hamask
34:05 Gold Shaft Mining
34:01 Bow Saw
36:09 Heavy Plow
36:23 Town Watch
37:30 Stone Shaft Mining
37:58 Hand Cart
41:07 Imperial Age
Tsunade
5:09 Loom
10:55 Feudal Age
11:59 Double-Bit Axe
14:24 Castle Age
14:20 Horse Collar
15:49 Bow Saw
21:17 Wheelbarrow
22:40 Heavy Plow
23:11 Hand Cart
24:09 Gold Mining
26:10 Gold Shaft Mining
25:54 Stone Mining
29:09 Imperial Age
26:25 Town Watch
27:19 Scale Barding Armor
28:31 Chain Barding Armor
28:57 Elite War Elephant
29:58 Conscription
30:20 Husbandry
30:31 Bloodlines
30:57 Plate Barding Armor
30:33 Forging
33:32 Iron Casting
36:45 Blast Furnace
38:54 Coinage
Connection lost

Rejoining the realm…

Still unreachable

The connection could not be restored.

Session expired

The server has moved on; the page needs a fresh start.